 Dungeon Crawl Stone Soup version 0.28-a0-79-g444c7a33f5 (webtiles) character file.

Game seed: 17809029312190448597

59 lunkers the Magician (level 4, -6/33 HPs)
             Began as a Djinni Earth Elementalist on Aug 2, 2021.
             Mangled by Natasha (8 damage)
             ... on level 2 of the Dungeon.
             The game lasted 00:03:58 (1939 turns).

lunkers the Magician (Djinni Earth Elementalist)    Turns: 1939, Time: 00:03:58

Health: -6/33      AC:  2    Str:  7    XL:     4   Next: 22%
Gold:   48         EV: 12    Int: 17    God:
                   SH:  0    Dex: 14

rFire   + + .      SeeInvis .   c - +0 short sword
rCold   x . .      Faith    .   (no shield)
rNeg    . . .      Spirit   .   b - +0 robe
rPois   ∞          Reflect  .   (no helmet)
rElec   .          Harm     .   (no cloak)
rCorr   .          Rampage  .   (no gloves)
Will    .....                   (boots unavailable)
Stlth   ++........              (no amulet)
HPRegen 0.11/turn               (no ring)
MPRegen 0.00/turn               (no ring)

@: flying
A: sickness immunity, fire resistance 2, cold vulnerability 1, float, innate
caster, hp casting, extra vitality 1
a: no special abilities


You were on level 2 of the Dungeon.
You visited 1 branch of the dungeon, and saw 2 of its levels.

You collected 48 gold pieces.

Inventory:

Hand Weapons
 c - a +0 short sword (weapon)
Missiles
 k - 5 stones
Armour
 b - a +0 robe (worn)
Scrolls
 a - a scroll of noise {unknown}
 d - 2 scrolls of amnesia {unknown}
 f - a scroll of holy word {unknown}
 i - a scroll of teleportation {unknown}
 m - a scroll of identify {unknown}
Potions
 e - a potion of haste {unknown}
 g - a potion of might {unknown}
 h - a potion of attraction {unknown}
 j - 2 potions of lignification {unknown}
 l - a potion of brilliance {unknown}


   Skills:
 + Level 1.7 Fighting
 - Level 2.1 Dodging
 - Level 1.5 Stealth
 * Level 3.3 Spellcasting


You couldn't memorise any spells.
You knew the following spells:

 Your Spells              Type           Power      Damage    Failure   Level
a - Stone Arrow           Conj/Erth      28%        3d8       13%         3
b - Passwall              Tmut/Erth      11%        N/A       6%          2
c - Sandblast             Erth           28%        2d8       4%          1
d - Petrify               Tmut/Erth      14%        N/A       38%         4
e - Animate Skeleton      Necr           28%        N/A       4%          1
Your spell library was empty.

Dungeon Overview and Level Annotations

Branches:
Dungeon (2/15)

Altars:

Annotations:
D:2 Natasha


Innate Abilities, Weirdness & Mutations

You are immune to sickness and miasma.
You are immune to poison.
Your flesh is very heat resistant. (rF++)
You are vulnerable to cold. (rC-)
You float through the air rather than walking.
You learn spells naturally, not from books.
Your magical power is your life essence.
You have superior vitality. (+4 HP)


Message History

Confirm with . or Enter, or press ? or * to list all spells.
Aiming: Sandblast (safe; 4% risk of failure)
Press: ? - help, Shift-Dir - straight line, f/p - Natasha
Aim: Natasha (lightly wounded, 74% to hit)
The blast of sand misses Natasha.
* * * LOW HITPOINT WARNING * * *
Natasha claws you!
* * * LOW HITPOINT WARNING * * *
Unknown command.
Casting: Sandblast (safe; 4% risk of failure)
Confirm with . or Enter, or press ? or * to list all spells.
Aiming: Sandblast (safe; 4% risk of failure)
Press: ? - help, Shift-Dir - straight line, f/p - Natasha
Aim: Natasha (lightly wounded, 74% to hit)
The blast of sand hits Natasha.
Natasha is heavily wounded.
* * * LOW HITPOINT WARNING * * *
Natasha claws you.
* * * LOW HITPOINT WARNING * * *
Unknown command.
Casting: Sandblast (safe; 4% risk of failure)
Confirm with . or Enter, or press ? or * to list all spells.
Aiming: Sandblast (safe; 4% risk of failure)
Press: ? - help, Shift-Dir - straight line, f/p - Natasha
Aim: Natasha (heavily wounded, 74% to hit)
The blast of sand misses Natasha.
* * * LOW HITPOINT WARNING * * *
Natasha claws you but does no damage.
Unknown command.
Unknown command.
Casting: Sandblast (safe; 4% risk of failure)
Confirm with . or Enter, or press ? or * to list all spells.
Aiming: Sandblast (safe; 4% risk of failure)
Press: ? - help, Shift-Dir - straight line, f/p - Natasha
Aim: Natasha (heavily wounded, 74% to hit)
The blast of sand hits Natasha but does no damage.
Natasha is heavily wounded.
* * * LOW HITPOINT WARNING * * *
Natasha claws you!
You die...

##... #.#.# .....
...# #....# #..#
####
......##..###...##
.#.....#..##.....##
#.)$.>..#.#.......#
..................#
..................#
w.........h@.....##
#.......#.........#
#.......##........#
........##........#
.#.....###.#.....##
##...####<.#...##
######.......####
...##..........#
#.##..........#


You could see Natasha.

Vanquished Creatures
  Natasha (D:2)
  3 endoplasms
  A giant cockroach (D:1)
  4 goblins (D:1)
  3 hobgoblins (D:1)
  2 jackals (D:1)
  4 quokkas (D:1)
  2 ball pythons (D:1)
  3 bats (D:1)
  3 frilled lizards (D:1)
  3 kobolds
  2 rats (D:1)
31 creatures vanquished.

Notes
Turn   | Place    | Note
-------+----------+-------------------------------------------
     0 | D:1      | lunkers the Djinni Earth Elementalist began the quest for
                  | the Orb.
     0 | D:1      | Reached XP level 1. HP: 15/15 MP: 0/0
    73 | D:1      | Reached XP level 2. HP: 12/22 MP: 0/0
   512 | D:1      | Found a faded altar of an unknown god.
   553 | D:1      | Reached skill level 1 in Fighting
   629 | D:1      | Reached XP level 3. HP: 14/27 MP: 0/0
   629 | D:1      | Learned a level 1 spell: Animate Skeleton
   631 | D:1      | Reached skill level 3 in Spellcasting
  1918 | D:2      | Noticed Natasha
  1926 | D:2      | Killed Natasha
  1927 | D:2      | Reached XP level 4. HP: 30/33 MP: 0/0
  1927 | D:2      | Noticed Natasha
  1939 | D:2      | Mangled by Natasha

Illustrated notes

Levels and vault maps discovered:
D:1:      elethiomel_arrival_shortcut, layout_rooms,
          shapermc_ecumenical_altar_flowoftime, hex_tiny
D:2:      layout_rooms, serial_curves, eino_curves_02, eino_curves_04,
          st_stairs_7, minmay_misc_feat_roman, uniq_robin, uniq_natasha

Skill      XL: |  1  2  3 |
---------------+----------+-----
Fighting       | 1 |  1.7
Spellcasting   | 3 |  3.3
Dodging        | |  2.1
Stealth        | |  1.5

Action                   |  1- 3 |  4- 6 || total
-------------------------+-------+-------++-------
Melee: Short sword       |    39 |       ||    39
       Unarmed           |     5 |       ||     5
 Cast: Sandblast         |    38 |     8 ||    46
       Stone Arrow       |     4 |       ||     4
Armor: Robe              |     2 |     1 ||     3
Dodge: Dodged            |    46 |     1 ||    47

Table legend: (Time is in decaauts)
 A = Elapsed time spent in this place.
 B = Non-inter-level travel time spent in this place.
 C = Inter-level travel time spent in this place.
 D = Time resting spent in this place.
 E = Time spent auto-exploring this place.
 F = Levels seen in this place.
 G = Mean time per level.
                   A        B        C        D        E       F      G
               +--------+--------+--------+--------+--------+-----+--------+
         Total |   1944 |   1915 |     29 |    333 |   1253 |   2 |  972.0 |
       Dungeon |   1944 |   1915 |     29 |    333 |   1253 |   2 |  972.0 |
               +--------+--------+--------+--------+--------+-----+--------+

Top non-repeatable levels by time:
     D:1: 1703 daAuts
     D:2: 240 daAuts
